 Dungeon Crawl Stone Soup version 0.16.1-11-g651b585 (webtiles) character file.

31176 McCoppin the Covert (level 13, -11/93 HPs)
             Began as an Octopode Fighter on Mar 31, 2015.
             Was the Champion of Okawaru.
             Mangled by a catoblepas (14 damage)
             ... on level 7 of the Lair of Beasts.
             The game lasted 01:29:38 (17573 turns).

McCoppin the Covert (Octopode Fighter)             Turns: 17573, Time: 01:29:39

Health: -11/93     AC:  6    Str: 19    XL:     13   Next: 56%
Magic:  20/20      EV:  2    Int: 15    God:    Okawaru [******]
Gold:   820        SH:  0    Dex: 27    Spells: 0 memorised, 12 levels left

rFire  + . .     SeeInvis +     u - +9 dagger of Pestilence {freeze, +Fly rPois rF+ Dex+4}
rCold  + . .     Clarity  .     S - +5 shield "Stuech" {rC+ Str+4 Int+2 Dex+5 Stlth-}
rNeg   + + +     SustAb   +     M - +0 hat
rPois  ∞         Gourm    .     q - amulet of faith
rElec  .         Spirit   .     m - ring of poison resistance
rCorr  .         Warding  .     y - ring of sustain abilities
rMut   .         Stasis   .     B - +5 ring of protection
MR     .....                    G - ring of wizardry
Stlth  +++++++...               Q - +4 ring of slaying
                                t - ring of see invisible
                                (no ring)
                                (no ring)

@: petrified, very slightly contaminated, invisible, not resistant to hostile
enchantments, extremely stealthy
A: almost no armour, amphibious, 8 rings, constrict 8, camouflage 1, agile 1,
clever 1, deformed body, regeneration 2, gelatinous body 1
a: Heroism, Finesse, Renounce Religion, Evoke Flight


You were on level 7 of the Lair of Beasts.
You worshipped Okawaru.
Okawaru was exalted by your worship.
You were hungry.

You visited 3 branches of the dungeon, and saw 20 of its levels.

You collected 898 gold pieces.
You spent 78 gold pieces at shops.

Inventory:

Hand weapons
 b - a +0 blowgun
 u - the +9 dagger of Pestilence (weapon) {freeze, +Fly rPois rF+ Dex+4}
   (You found it on level 4 of the Dungeon)

   It has been specially enchanted to freeze those struck by it, causing extra
   injury to most foes and up to half again as much damage against particularly
   susceptible opponents.
   It can also slow down cold-blooded creatures.
   It affects your dexterity (+4).
   It protects you from fire.
   It protects you from poison.
   It lets you fly.
 R - a +2 long sword of slicing
Missiles
 h - 105 poisoned needles
 i - 3 poisoned javelins (quivered)
 X - 2 javelins
Armour
 M - a +0 hat (worn)
 S - the +5 shield "Stuech" (worn) {rC+ Str+4 Int+2 Dex+5 Stlth-}
   (You acquired it on level 11 of the Dungeon)

   It affects your strength (+4).
   It affects your intelligence (+2).
   It affects your dexterity (+5).
   It protects you from cold.
   It makes you less stealthy.
Jewellery
 m - a ring of poison resistance (left tentacle)
 q - an amulet of faith (around mantle)
 t - a ring of see invisible (on tentacle)
 y - a ring of sustain abilities (right tentacle)
 B - a +5 ring of protection (on tentacle)
 G - a ring of wizardry (on tentacle)
 O - an uncursed ring of fire
 Q - a +4 ring of slaying (on tentacle)
Magical devices
 a - a wand of hasting (1)
 f - a wand of flame (26)
 l - a wand of draining (5)
 p - a wand of fireball (2)
 r - a wand of polymorph (7)
 L - a wand of draining (6)
 T - a wand of disintegration (10)
 U - a wand of magic darts (19)
 V - a wand of fire (9)
 W - a wand of lightning (0)
 Y - a wand of fire (5)
Scrolls
 g - a scroll of noise
 j - 4 scrolls of recharging
 n - 7 scrolls of remove curse
 w - 5 scrolls of enchant weapon
 C - a scroll of immolation {unknown}
 D - 5 scrolls of teleportation
 E - 3 scrolls of fear
 H - 5 scrolls of identify
 K - a scroll of blinking
Potions
 c - a potion of flight {unknown}
 e - a potion of restore abilities
 o - 8 potions of curing
 x - a potion of berserk rage
 A - 3 potions of brilliance
 F - a potion of ambrosia {unknown}
 J - a potion of resistance {unknown}
 N - a potion of invisibility
 P - 4 potions of heal wounds
Books
 z - an Akashic Record {highlevel, unknown}

   This book is beyond your current level of understanding.

   Spells                             Type                      Level
   a - Dispersal                      Translocation                6
   b - Controlled Blink               Translocation                7
   c - Malign Gateway                 Summoning/Translocation      7
   d - Disjunction                    Translocation                8
   e - Singularity                    Translocation                9
Miscellaneous
 k - a legendary deck of defence {the Elixir}
Comestibles
 d - 4 bread rations
 s - 5 meat rations
 v - 22 fruits
 I - 2 chunks of flesh
 Z - a royal jelly


   Skills:
 - Level 10.5 Fighting
 - Level 6.4 Long Blades
 * Level 12.1 Dodging
 - Level 14.0 Stealth
 * Level 11.5 Shields
 + Level 4.1 Invocations


You had 12 spell levels left.
You didn't know any spells.

Dungeon Overview and Level Annotations

Branches:
Dungeon (12/15)            Temple (1/1) D:4            Lair (7/8) D:11
 Shoals (0/5) Lair:3       Spider (0/5) Lair:5
  Slime: Lair:6-8       Orc: D:9-12

Altars:
Ashenzari
Dithmenos
Elyvilon
Fedhas
Gozag
Kikubaaqudgha
Nemelex Xobeh
Okawaru
Qazlal
Ru
Sif Muna
Trog
Vehumet
Yredelemnul
Zin
The Shining One

Shops:
D:4 *[?

Annotations:
D:11 Nergalle


Innate Abilities, Weirdness & Mutations

You cannot wear most types of armour.
You are amphibious.
You can wear up to eight rings at the same time.
You can use your tentacles to constrict many enemies at once.
Your skin changes colour to match your surroundings (Stealth).
Your rubbery body absorbs attacks (AC +1).
You are agile. (Dex +2)
Your mind is acute. (Int +2)
Your body is misshapen.
You heal very quickly.


Message History

The floor.
Drink which item? (? for menu, Esc to quit)
Okay, then.
Drink which item? (? for menu, Esc to quit)
You fade into invisibility!
The catoblepas stomps with a crash on the ground.
The catoblepas gores you!
You are very lightly contaminated with residual magic.
You have turned to stone.
The catoblepas gores you!! The catoblepas gores you. The catoblepas gores you!!
* * * LOW HITPOINT WARNING * * *
The catoblepas gores you!
* * * LOW HITPOINT WARNING * * *
The catoblepas barely misses you. The catoblepas gores you!!
* * * LOW HITPOINT WARNING * * *
The catoblepas gores you!!
You die...

#### ## # ###..#########
.##.#
#..#....#.#..####....#..
...............Y.........
...#.#..........@........
..#.#.#.#................
..#................P###.
..............##PP.PP.#
.P............#PPP.PP...
..P...........#.P>....P
..#...................
...#.................
...... ...


You could see a catoblepas.

Vanquished Creatures
  2 hydras
  A catoblepas (Lair:6)
  2 hill giants (D:10)
  3 black mambas
  Maurice (D:10)
  12 spiny frogs
  3 komodo dragons
  2 fire drakes
  A two-headed ogre (D:10)
  A troll (D:9)
  A polar bear (Lair:3)
  9 blink frogs
  A centaur simulacrum (D:10)
  A basilisk (Lair:2)
  A spriggan (D:10)
  47 yaks
  3 vampire mosquitoes (Lair:3)
  13 wolves
  2 insubstantial wisps (Lair:3)
  5 hippogriffs
  12 porcupines
  12 water moccasins
  3 ice beasts
  A swamp drake (Lair:3)
  8 spiders (Lair:5)
  A black bear (D:10)
  4 orc warriors
  A phantom (D:4)
  A wasp (D:10)
  The ghost of BLOAX the Ruffian, an average MiMo (D:4)
  2 necrophages
  8 ogres
  6 crocodiles
  A boring beetle (Lair:7)
  Sigmund (D:4)
  Duvessa (D:4)
  A centaur (D:8)
  10 giant frogs
  5 killer bees
  6 scorpions
  10 wights
  Dowan (D:4)
  3 crimson imps
  2 quasits
  An electric eel (Lair:7)
  2 giant frog zombies
  A centaur zombie (D:5)
  2 jellies
  13 hounds
  Crazy Yiuf (D:2)
  4 orc priests
  10 orc wizards
  Natasha (thrice) (D:3)
  9 iguanas
  5 worker ants
  17 sheep
  A hound zombie (D:11)
  2 worker ant zombies
  Terence (D:2)
  29 adders
  38 river rats
  A shadow imp (D:11)
  5 worms
  An adder skeleton (D:9)
  2 oozes
  52 orcs
  5 giant cockroaches
  20 hobgoblins
  4 jackals
  8 quokkas
  2 ball pythons
  15 bats
  5 giant geckos
  4 giant newts
  A giant spore (D:9)
  15 goblins
  19 kobolds
  18 rats
  7 ballistomycetes (D:9)
  A fungus (Lair:3)
  2 plants
538 creatures vanquished.

Vanquished Creatures (others)
  A fungus (Lair:3)
1 creature vanquished.

Grand Total: 539 creatures vanquished

Notes
Turn   | Place    | Note
--------------------------------------------------------------
     0 | D:1      | McCoppin, the Octopode Fighter, began the quest for the Orb.
     0 | D:1      | Reached XP level 1. HP: 16/16 MP: 1/1
   129 | D:1      | Reached skill level 1 in Stealth
   249 | D:1      | Reached XP level 2. HP: 19/21 MP: 2/2
  1201 | D:2      | Noticed Terence
  1214 | D:2      | Killed Terence
  1214 | D:2      | Reached XP level 3. HP: 4/26 MP: 3/3
  1689 | D:2      | Reached XP level 4. HP: 22/31 MP: 4/4
  1720 | D:2      | HP: 1/31 [adder (1)]
  1721 | D:2      | Reached skill level 4 in Stealth
  2202 | D:2      | Found a blossoming altar of Fedhas.
  2203 | D:2      | Found an ancient bone altar of Kikubaaqudgha.
  2358 | D:2      | Reached XP level 5. HP: 16/36 MP: 5/5
  2582 | D:2      | Reached skill level 5 in Stealth
  3137 | D:2      | Noticed Crazy Yiuf
  3144 | D:2      | Killed Crazy Yiuf
  3323 | D:3      | Reached skill level 6 in Stealth
  3375 | D:3      | Reached XP level 6. HP: 37/43 MP: 6/6
  3591 | D:3      | Gained mutation: Your mind is acute. (Int +2) [potion of beneficial mutation]
  3914 | D:3      | Noticed Natasha
  3920 | D:3      | Killed Natasha
  3941 | D:3      | Noticed Natasha
  3948 | D:3      | Killed Natasha
  4002 | D:3      | Noticed Natasha
  4007 | D:3      | Killed Natasha
  4312 | D:3      | Found a blossoming altar of Fedhas.
  4578 | D:4      | Noticed Duvessa
  4578 | D:4      | Noticed Dowan
  4580 | D:4      | Found Schiahaunk's General Store.
  4584 | D:4      | Got an ichor-stained dagger
  4594 | D:4      | Identified the +9 dagger of Pestilence {freeze, +Fly rPois rF+ Dex+4} (You found it on level 4 of the Dungeon)
  4730 | D:4      | Reached skill level 7 in Stealth
  4750 | D:4      | Noticed Sigmund
  4756 | D:4      | Killed Sigmund
  4756 | D:4      | Reached XP level 7. HP: 23/48 MP: 7/7
  4956 | D:4      | Gained mutation: Your natural rate of healing is unusually fast. [potion of beneficial mutation]
  5075 | D:4      | Noticed BLOAX's ghost (average MiMo)
  5121 | D:4      | Killed BLOAX's ghost
  5121 | D:4      | Reached skill level 8 in Stealth
  5208 | D:4      | Reached skill level 9 in Stealth
  5250 | D:4      | Killed Duvessa
  5253 | D:4      | Killed Dowan
  5253 | D:4      | Reached skill level 10 in Stealth
  5313 | D:4      | Reached XP level 8. HP: 35/54 MP: 8/8
  5527 | D:4      | Bought 3 scrolls of identify for 78 gold pieces
  5565 | D:4      | Found Zowijen's Armour Emporium.
  5573 | D:4      | Found Toirax's Magic Scroll Boutique.
  5708 | D:4      | Reached skill level 5 in Fighting
  5837 | D:4      | Reached skill level 5 in Long Blades
  5898 | D:4      | Found a staircase to the Ecumenical Temple.
  5904 | Temple   | Entered the Ecumenical Temple
  6192 | Temple   | Became a worshipper of Warmaster Okawaru
  6320 | D:5      | Entered Level 5 of the Dungeon
  6575 | D:5      | Acquired Okawaru's first power
  6715 | D:5      | Gained mutation: Your body is misshapen. [potion of mutation]
  6715 | D:5      | Gained mutation: One of your tentacles bears a spike. [potion of mutation]
  6715 | D:5      | Lost mutation: One of your tentacles bears a spike. [potion of mutation]
  6781 | D:5      | Found a shadowy altar of Dithmenos.
  7420 | D:6      | Reached XP level 9. HP: 45/63 MP: 9/9
  8005 | D:6      | Found an opulent altar of Gozag.
  8088 | D:7      | Found a deep blue altar of Sif Muna.
  8609 | D:7      | Found a stormy altar of Qazlal.
  8927 | D:8      | Noticed an eight-headed hydra
  9004 | D:8      | Found a glowing golden altar of the Shining One.
  9242 | D:8      | Reached XP level 10. HP: 68/74 MP: 10/10
  9315 | D:8      | Killed an eight-headed hydra
  9315 | D:8      | Reached skill level 10 in Fighting
  9547 | D:8      | Reached skill level 5 in Dodging
  9774 | D:9      | Reached skill level 11 in Stealth
  9795 | D:8      | Acquired Okawaru's second power
 10038 | D:9      | Found a basalt altar of Yredelemnul.
 10419 | D:10     | Entered Level 10 of the Dungeon
 10437 | D:9      | Reached skill level 5 in Shields
 10582 | D:10     | Noticed Maurice
 10594 | D:10     | Killed Maurice
 10594 | D:10     | Received a gift from Okawaru
 10594 | D:10     | Reached XP level 11. HP: 82/82 MP: 11/11
 10650 | D:10     | Noticed a hill giant
 10653 | D:10     | Identified a scroll of acquirement
 10681 | D:10     | Killed a hill giant
 10994 | D:10     | Reached skill level 12 in Stealth
 11335 | D:10     | Noticed a hill giant
 11364 | D:10     | Killed a hill giant
 11364 | D:10     | Received a gift from Okawaru
 11521 | D:11     | Found a staircase to the Lair.
 11543 | D:11     | Gained mutation: Your muscles are strong. (Str +2) [potion of beneficial mutation]
 11551 | D:11     | Got a spiked shield
 11571 | D:10     | Identified the +5 shield "Stuech" {rC+ Str+4 Int+2 Dex+5 Stlth-} (You acquired it on level 11 of the Dungeon)
 11615 | D:11     | Noticed a hill giant
 11766 | D:11     | Noticed a hill giant
 11901 | D:11     | Noticed Nergalle
 11955 | D:12     | Gained mutation: You are agile. (Dex +2) [potion of mutation]
 11955 | D:12     | Gained mutation: You heal very quickly. [potion of mutation]
 11955 | D:12     | Lost mutation: Your muscles are strong. (Str +2) [potion of mutation]
 12197 | Lair:1   | Entered Level 1 of the Lair of Beasts
 12406 | Lair:1   | Received a gift from Okawaru
 12677 | Lair:1   | Reached skill level 13 in Stealth
 12677 | Lair:1   | Reached XP level 12. HP: 65/88 MP: 12/12
 13291 | Lair:2   | Received a gift from Okawaru
 13492 | Lair:2   | Reached skill level 10 in Dodging
 14255 | Lair:3   | Found a staircase to the Shoals.
 14996 | Lair:3   | Reached skill level 14 in Stealth
 14996 | Lair:3   | Reached skill level 10 in Shields
 15101 | Lair:4   | Reached skill level 1 in Invocations
 15595 | Lair:4   | Reached XP level 13. HP: 85/93 MP: 16/16
 15921 | Lair:5   | Received a gift from Okawaru
 16252 | Lair:5   | Found a hole to the Spider Nest.
 17081 | Lair:6   | Received a gift from Okawaru
 17246 | Lair:7   | Found a basalt altar of Yredelemnul.
 17572 | Lair:7   | HP: 3/93 [catoblepas (16)]
 17573 | Lair:7   | Mangled by a catoblepas

Action                   |  1- 3 |  4- 6 |  7- 9 | 10-12 | 13-15 || total
-------------------------+-------+-------+-------+-------+-------++-------
Melee: Long sword        |    29 |   114 |       |       |       ||   143
       Dagger            |    39 |    38 |   246 |   497 |   222 ||  1042
 Fire: Blowgun           |       |       |       |     4 |     4 ||     8
Throw: Javelin           |       |     6 |    20 |    40 |       ||    66
Invok: Heroism           |       |       |       |     4 |     2 ||     6
Evoke: Wand              |       |       |       |    12 |       ||    12
  Use: Potion            |     1 |     2 |     3 |     3 |     1 ||    10
       Scroll            |       |     5 |    14 |     8 |     1 ||    28
 Stab: Sleeping          |     4 |    10 |    29 |    34 |    26 ||   103
       Distracted        |       |     1 |       |     5 |     1 ||     7
  Eat: Chunk             |     1 |     9 |    10 |     5 |     1 ||    26
       Meat ration       |       |     1 |       |       |     1 ||     2
       Bread ration      |       |       |       |     4 |       ||     4
